 Dungeon Crawl Stone Soup version 0.31-a0-640-g39d97e502b (webtiles) character file.

Game seed: 16499623758460263694

212 arthad the Shield-Bearer (level 5, 0/34 HPs)
             Began as a Gargoyle Fighter on Aug 29, 2023.
             Slain by an orc
             ... wielding a +0 hand axe
              (3 damage)
             ... on level 4 of the Dungeon.
             The game lasted 00:03:03 (2410 turns).

arthad the Shield-Bearer (Gargoyle Fighter)         Turns: 2410, Time: 00:03:03

Health: 0/34       AC: 11    Str: 21    XL:     5   Next: 89%
Magic:  5/5        EV:  9    Int:  9    God:
Gold:   146        SH:  6    Dex:  9    Spells: 4/4 levels left

rFire   . . .        a - +0 flail
rCold   . . .        g - +2 buckler
rNeg    + . .        b - +0 scale mail
rPois   ∞            (no helmet)
rElec   +            (no cloak)
rCorr   .            (no gloves)
SInv    .            (no boots)
Will    .....        (no amulet) Stlth
                     (no ring)
HPRegen 0.25/turn    (no ring)
MPRegen 0.09/turn

%: no passive effects
@: no status effects
A: sickness immunity, AC +4, negative energy resistance 1, electricity
resistance, torment resistance 1, petrification resistance
a: no special abilities


You were on level 4 of the Dungeon.
You visited 1 branch of the dungeon, and saw 4 of its levels.

You collected 146 gold pieces.

Inventory:

Hand Weapons
 a - a +0 flail (weapon)
 u - a +0 mace of protection
Missiles
 l - 3 boomerangs
Armour
 b - a +0 scale mail (worn)
 c - a +0 buckler
 g - a +2 buckler (worn)
Jewellery
 s - an amulet of faith
Scrolls
 e - 2 scrolls of amnesia {unknown}
 i - 2 scrolls of fear {unknown}
 j - a scroll of enchant weapon {unknown}
 m - 3 scrolls of identify {unknown}
 n - 2 scrolls of blinking {unknown}
 o - a scroll of noise {unknown}
 t - a scroll of fog {unknown}
 w - 2 scrolls of revelation {unknown}
Potions
 d - 2 potions of might
 f - a potion of ambrosia {unknown}
 h - a potion of lignification {unknown}
 k - a potion of berserk rage {unknown}
 p - a potion of magic {unknown}
 q - 2 potions of mutation {unknown}
 r - a potion of curing {unknown}
 v - a potion of brilliance {unknown}


   Skills:
 + Level 4.5 Fighting
 + Level 3.3 Maces & Flails
 + Level 4.4 Armour
 + Level 4.5 Shields


You had 4 spell levels left.
You didn't know any spells.
Your spell library contained the following spells:

 Spells                   Type           Power      Damage    Failure   Level
 Magic Dart               Conj           0%         1d3       78%         1
 Call Imp                 Summ           0%         N/A       89%         2
 Scorch                   Fire           0%         2d5       89%         2
 Mephitic Cloud           Conj/Pois/Air  0%         N/A       98%         3
 Flame Wave               Conj/Fire      0%         2d4       100%        4
 Summon Cactus Giant      Summ           0%         N/A       100%        6


Dungeon Overview and Level Annotations

Branches:
Dungeon (4/15)
 Temple: D:4-7

Altars:
Qazlal
Ru


Innate Abilities, Weirdness & Mutations

You are immune to sickness and miasma.
Your stone body is resilient. (AC +4)
You are immune to poison.
You resist negative energy. (rN+)
You are resistant to electric shocks. (rElec)
You are resistant to unholy torment.
You are immune to petrification.


Message History

You are too injured to fight recklessly!
You are too injured to fight recklessly!
You are too injured to fight recklessly!
You are too injured to fight recklessly!
You are too injured to fight recklessly!
You are too injured to fight recklessly!
You are too injured to fight recklessly!
You are too injured to fight recklessly!
You are too injured to fight recklessly!
You are too injured to fight recklessly!
You are too injured to fight recklessly!
You are too injured to fight recklessly!
You are too injured to fight recklessly!
You are too injured to fight recklessly!
You hit the orc priest.
The orc priest is almost dead.
The orc closely misses you. You block the orc's attack.
The orc priest hits you with a +0 war axe.
You closely miss the orc priest.
The orc priest is almost dead.
The orc closely misses you. The orc hits you with a +0 hand axe.
* * * LOW HITPOINT WARNING * * *
The orc priest hits you but does no damage.
You hit the orc priest.
You kill the orc priest!
You block the orc's attack. The orc hits you but does no damage.
You hit the orc but do no damage. You block the orc's attack.
The orc hits you from afar with a +0 trident.
* * * LOW HITPOINT WARNING * * *
The orc closely misses you. The orc hits you but does no damage.
You hit the orc but do no damage. The orc hits you but does no damage.
The orc barely misses you.
You hit the orc but do no damage. The orc hits you with a +0 hand axe.
* * * LOW HITPOINT WARNING * * *
You block the orc's attack.
You hit the orc but do no damage.
The orc hits you from afar with a +0 trident.
* * * LOW HITPOINT WARNING * * *
The orc hits you with a +0 hand axe.
You die...

.........# ######
.........# #....#
.........# #....#
......<..## #....#
..........# ####....###.
..........###...........
.................)...#
.......##..#####....##
###.......>.. #@)..#
#.............).o...#
#.<...#.<......o###...#
##.............#.. ##..
.......##......... .
................#..
.......#####.. . ..
.......... ..... ...
...#..####


You could see 2 orcs.

Vanquished Creatures
  A hound (D:3)
  2 orc priests (D:4)
  Jessica (D:3)
  3 adders
  5 dart slugs
  2 orcs (D:3)
  7 bats
  2 endoplasms
  3 giant cockroaches
  A hobgoblin (D:3)
  5 quokkas
  7 ball pythons
  3 frilled lizards
  4 goblins
  6 kobolds
  7 rats
59 creatures vanquished.

Notes
Turn   | Place    | Note
-------+----------+-------------------------------------------
     0 | D:1      | arthad the Gargoyle Fighter began the quest for the Orb.
     0 | D:1      | Reached XP level 1. HP: 14/14 MP: 1/1
    74 | D:1      | Reached XP level 2. HP: 19/19 MP: 2/2
   509 | D:1      | Reached XP level 3. HP: 22/23 MP: 3/3
  1567 | D:3      | Reached XP level 4. HP: 29/29 MP: 4/4
  1716 | D:3      | Reached XP level 5. HP: 32/33 MP: 5/5
  1980 | D:3      | Found a stormy altar of Qazlal.
  1980 | D:3      | Noticed Jessica
  1992 | D:3      | Killed Jessica
  2274 | D:3      | Found a sacrificial altar of Ru.
  2410 | D:4      | Slain by an orc

Illustrated notes

Levels and vault maps discovered:
D:1:      dpeg_arrival_houses_and_road, layout_basic
D:2:      layout_loops_corners
D:3:      layout_loops_ring, nicolae_qazlal_general_emergency,
          nicolae_ru_the_path_less_chosen, minmay_misc_feat_more_columns,
          nrook_mini_backslash, grunt_ministairs_9, skrybe_limestone_x,
          kennysheep_generic_room_14, uniq_jessica
D:4:      layout_rooms, nicolae_figureground_pulse

Skill      XL: |  1  2  3  4 |
---------------+-------------+-----
Fighting       | 4 |  4.5
Armour         | 4 |  4.4
Shields        | 4 |  4.5
Maces & Flails | 3 |  3.3

Action                     |  1- 3 |  4- 6 || total
---------------------------+-------+-------++-------
  Melee: Flail             |   120 |    93 ||   213
 Armour: Scale mail        |    63 |    76 ||   139
  Dodge: Dodged            |    72 |    51 ||   123
  Block: Buckler           |    33 |    48 ||    81

Table legend: (Time is in decaauts)
 A = Elapsed time spent in this place.
 B = Non-inter-level travel time spent in this place.
 C = Inter-level travel time spent in this place.
 D = Time resting spent in this place.
 E = Time spent auto-exploring this place.
 F = Levels seen in this place.
 G = Mean time per level.
                   A        B        C        D        E       F      G
               +--------+--------+--------+--------+--------+-----+--------+
         Total |   2473 |   2387 |     86 |      0 |   1874 |   4 |  618.2 |
       Dungeon |   2473 |   2387 |     86 |      0 |   1874 |   4 |  618.2 |
               +--------+--------+--------+--------+--------+-----+--------+

Top non-repeatable levels by time:
     D:3: 835 daAuts
     D:2: 803 daAuts
     D:1: 741 daAuts
     D:4: 92 daAuts
